 Dungeon Crawl Stone Soup version 0.17-a0-1646-geb1493d (webtiles) character file.

89644 urechis the Cruncher (level 15, -21/84 HPs)
             Began as a Gargoyle Wizard on Aug 11, 2015.
             Was a High Priest of Vehumet.
             Demolished by a white ugly thing (43 damage)
             ... on level 13 of the Dungeon.
             The game lasted 03:34:23 (45086 turns).

urechis the Cruncher (Gargoyle Wizard)             Turns: 45086, Time: 03:34:40

Health: -21/84     AC: 24    Str:  9    XL:     15   Next: 98%
Magic:  29/29      EV: 17    Int: 25    God:    Vehumet [*****.]
Gold:   2624       SH:  0    Dex: 12    Spells: 9 memorised, 7 levels left

rFire  + + .     SeeInvis +     a - staff of fire
rCold  x . .     Clarity  .     K - +1 robe of Eternity {Str-2 Slay+2 SInv}
rNeg   + . .     SustAt   .     (no shield)
rPois  ∞         Gourm    .     z - +1 helmet
rElec  +         Spirit   .     v - +1 cloak {MR+}
rCorr  .         Warding  .     s - +2 pair of gloves
rMut   .         Stasis   .     H - +1 pair of boots
MR     ++...                    (no amulet)
Stlth  +++.......               e - ring "Lyebipro" {Fire Dex+4}
                                I - ring of stealth

@: flying, very resistant to hostile enchantments, fairly stealthy
A: big wings, negative energy resistance 1, electricity resistance, unbreathing,
petrification resistance, rot immunity, AC +11
a: Stop Flying, Renounce Religion


You were on level 13 of the Dungeon.
You worshipped Vehumet.
Vehumet was extremely pleased with you.
You were very hungry.

You visited 4 branches of the dungeon, and saw 26 of its levels.
You also visited: Labyrinth.

You collected 3000 gold pieces.
You spent 376 gold pieces at shops.

Inventory:

Hand weapons
 w - a +8 spear of venom
Armour
 s - a +2 pair of gloves (worn)
 v - a +1 cloak of magic resistance (worn)
 z - a +1 helmet (worn)
 H - a +1 pair of boots (worn)
 K - the +1 robe of Eternity (worn) {Str-2 Slay+2 SInv}
   (You bought it in a shop on level 7 of the Dungeon)

   It affects your strength (-2).
   It affects your accuracy and damage with ranged weapons and melee attacks
   (+2).
   It lets you see invisible.
Magical staves
 a - an uncursed staff of fire (weapon)
 b - an uncursed staff of conjuration
Jewellery
 e - the ring "Lyebipro" (right hand) {Fire Dex+4}
   (You found it on level 4 of the Lair of Beasts)

   [ring of fire]

   It enhances your fire magic, and weakens your ice magic.
   It affects your dexterity (+4).
   It protects you from fire.
   It makes you vulnerable to cold.
 I - a ring of stealth (left hand)
Scrolls
 f - 2 scrolls of immolation
 i - 9 scrolls of remove curse
 k - 6 scrolls of magic mapping
 l - 6 scrolls of blinking
 p - 5 scrolls of fear
 t - a scroll of enchant armour {unknown}
 C - 3 scrolls of teleportation
 D - 4 scrolls of amnesia
 E - 3 scrolls of fog
 L - a scroll of holy word {unknown}
 M - 3 scrolls of recharging
 S - a scroll of acquirement {unknown}
 V - 2 scrolls of vulnerability {unknown}
Potions
 h - a potion of berserk rage {unknown}
 m - 2 potions of brilliance
 n - 2 potions of cure mutation
 o - 11 potions of curing
 q - 2 potions of lignification {unknown}
 u - a potion of invisibility {unknown}
 x - 2 potions of heal wounds
 B - a potion of magic {unknown}
 J - a potion of might {unknown}
 O - 6 potions of haste
Comestibles
 d - 12 bread rations
 g - 3 beef jerkies
 Q - 13 royal jellies


   Skills:
 - Level 6.0 Fighting
 - Level 12.0 Staves
 - Level 6.0 Armour
 * Level 9.7 Dodging
 - Level 2.1 Stealth
 - Level 10.1 Spellcasting
 - Level 10.9 Conjurations
   Level 0.8 Summonings
 - Level 0.8 Translocations
 - Level 8.7 Fire Magic
 - Level 7.2 Air Magic
 * Level 10.1 Evocations


You had 7 spell levels left.
You knew the following spells:

 Your Spells              Type           Power        Failure   Level  Hunger
a - Magic Dart            Conj           ####         1%          1    None
b - Blink                 Tloc           N/A          8%          2    None
c - Mephitic Cloud        Conj/Pois/Air  #####...     1%          3    None
d - Repel Missiles        Chrm/Air       ####..       1%          2    None
e - Conjure Flame         Conj/Fire      #######.     1%          3    None
f - Apportation           Tloc           ###.......   4%          1    None
g - Throw Icicle          Conj/Ice       ##......     1%          4    None
h - Airstrike             Air            #####.....   1%          4    None
i - Orb of Destruction    Conj           ######....   19%         7    #######


Dungeon Overview and Level Annotations

Branches:
Dungeon (13/15)            Temple (1/1) D:4            Lair (8/8) D:10
  Swamp (0/4) Lair:5        Snake (0/4) Lair:3        Slime (0/6) Lair:6
    Orc (4/4) D:9             Elf (0/3) Orc:4
 Vaults: D:13-14

Altars:
Ashenzari
Cheibriados
Dithmenos
Elyvilon
Fedhas
Gozag
Kikubaaqudgha
Makhleb
Nemelex Xobeh
Okawaru
Qazlal
Ru
Sif Muna
Trog
Vehumet
Xom
Yredelemnul
Zin
The Shining One
Beogh
Jiyva

Shops:
D:5 %   D:7 [   Orc:3 [   Orc:4 ?!(!!

Annotations:
D:4 karlkraus's ghost, average MiFi
D:7 matakusis's ghost, experienced DsGl
Lair:2 exclusion: oklob plant
Lair:3 kroki's ghost, powerful MiBe


Innate Abilities, Weirdness & Mutations

You are resistant to torment.
Your stone body is resilient (AC +11).
You are immune to poison.
Your large and strong wings let you fly indefinitely.
You resist negative energy.
You are resistant to electric shocks.
You can survive without breathing.
You are immune to petrification.
You are immune to rotting.


Message History

You blink.
Found 17 gold pieces.
There is a stone staircase leading up here.
You fly upwards.
There is a stone staircase leading down here.
You start resting.
Magic restored.
You start resting.
You are feeling very hungry.
You start resting.
HP restored.
Done exploring.
You fly downwards.
The white ugly thing kicks you! The white ugly thing freezes you!!!
You feel a terrible chill!
Ouch! That really hurt!
The white ugly thing kicks you!
* * * LOW HITPOINT WARNING * * *
The white ugly thing freezes you!!!
You feel a terrible chill!
Ouch! That really hurt!
You die...

#.....# #.[#
#.....######..######
#...................
#...................
#...................
.....................
......................
......................
............@u...#####
..#####.........#
#.........#
#.........#
####......# #......#
#......# ########


You could see a white ugly thing.

Vanquished Creatures
  Maud (Orc:3)
  A minotaur (Lab)
  The ghost of karlkraus the Blocker, a powerful MiFi of Qazlal (D:10)
  Harold (Lair:1)
  Erica (Lair:1)
  10 hydras
  A fire crab (Lair:8)
  2 lindwurms
  4 hill giants
  A hornet (Lair:8)
  2 unseen horrors
  9 orc sorcerers (Orc:4)
  6 griffons
  A cyclops (D:11)
  A manticore (Lair:4)
  A wolf spider (Lair:8)
  3 elephants (Lair:3)
  An ugly thing (D:12)
  12 black mambas
  4 gargoyles (Lab)
  7 torpor snails (Lair:8)
  A guardian serpent (Lair:8)
  22 spiny frogs
  9 komodo dragons
  An efreet (D:9)
  9 fire drakes
  4 trolls
  A queen bee (D:9)
  2 giant leeches (Lair:8)
  A two-headed ogre (D:11)
  4 polar bears
  2 centaur simulacra (D:12)
  4 boulder beetles
  35 blink frogs
  A trapdoor spider (D:10)
  A redback (Lair:8)
  9 basilisks
  A water elemental (D:12)
  63 yaks
  A deep elf mage (D:11)
  A spriggan (D:7)
  A wraith (D:11)
  4 fire bats (Lair:7)
  Grum (D:8)
  13 wyverns
  20 hippogriffs
  16 wolves
  9 wargs
  Edmund (D:4)
  A hungry ghost (D:11)
  4 nagas
  13 porcupines
  20 water moccasins
  7 spiders (Lair:8)
  3 sky beasts
  8 wasps (Lair:8)
  3 phantoms
  5 black bears
  14 orc warriors
  7 ogres
  7 ice beasts
  A big kobold (D:11)
  6 centaurs
  21 crocodiles
  18 giant frogs
  A wyvern zombie (D:10)
  4 brain worms (Lair:8)
  A wyvern skeleton (D:10)
  3 scorpions
  21 killer bees
  3 wights (D:8)
  A lava snake (Lair:7)
  7 crimson imps
  3 electric eels (D:12)
  A centaur zombie (D:11)
  2 giant frog zombies
  6 hounds
  25 orc priests
  5 jellies
  A centaur skeleton (D:8)
  51 orc wizards
  A quasit (D:8)
  4 giant frog skeletons
  6 iguanas
  11 worker ants
  6 sheep (Lair:8)
  3 worker ant zombies
  12 gnolls
  15 adders
  3 shadow imps
  68 river rats
  14 white imps
  An ufetubus (D:12)
  An ooze (D:3)
  2 adder skeletons
  18 worms
  A giant gecko (D:2)
  178 orcs
  2 ball pythons
  10 bats
  9 goblins
  3 hobgoblins
  9 jackals
  6 quokkas
  7 giant cockroaches
  A giant gecko skeleton (D:5)
  5 giant newts
  10 kobolds
  A quokka skeleton (D:4)
  10 rats
  2 fungi
  A plant (Lair:2)
1000 creatures vanquished.

Vanquished Creatures (collateral kills)
  A yak (Lair:2)
  8 killer bees (D:9)
9 creatures vanquished.

Vanquished Creatures (others)
  A fire drake (Lair:4)
  A killer bee (D:11)
  2 orcs (Orc:4)
  A bush (Lair:4)
  144 fungi
  140 plants
289 creatures vanquished.

Grand Total: 1298 creatures vanquished

Notes
Turn   | Place    | Note
--------------------------------------------------------------
     0 | D:1      | urechis the Gargoyle Wizard began the quest for the Orb.
     0 | D:1      | Reached XP level 1. HP: 10/10 MP: 4/4
   345 | D:1      | Reached XP level 2. HP: 10/15 MP: 0/6
  1097 | D:2      | Reached XP level 3. HP: 12/19 MP: 0/8
  1165 | D:2      | Found a sacrificial altar of Ru.
  1360 | D:2      | Found a radiant altar of Vehumet.
  1372 | D:2      | Became a worshipper of Vehumet
  1425 | D:2      | Learned a level 2 spell: Blink
  1429 | D:2      | Learned a level 3 spell: Mephitic Cloud
  1432 | D:2      | Learned a level 2 spell: Repel Missiles
  1472 | D:2      | Found a shadowy altar of Dithmenos.
  1969 | D:3      | Reached XP level 4. HP: 24/24 MP: 0/9
  2259 | D:3      | Found a sacrificial altar of Ru.
  2304 | D:3      | Reached skill level 4 in Spellcasting
  2394 | D:3      | Acquired Vehumet's first power
  2394 | D:3      | Offered knowledge of Freeze by Vehumet.
  2558 | D:4      | Noticed karlkraus's ghost (average MiFi)
  2860 | D:4      | Learned a level 3 spell: Conjure Flame
  2867 | D:4      | Reached XP level 5. HP: 25/28 MP: 1/11
  2908 | D:4      | Got a jewelled leather armour
  2919 | D:4      | Identified the cursed +0 leather armour of Acsoun {rN+ Int+4} (You found it on level 4 of the Dungeon)
  3076 | D:4      | Learned a level 1 spell: Apportation
  3500 | D:4      | Reached XP level 6. HP: 19/32 MP: 13/13
  3810 | D:4      | Noticed Edmund
  3857 | D:4      | Killed Edmund
  3857 | D:4      | Reached skill level 5 in Spellcasting
  3857 | D:4      | Reached skill level 5 in Conjurations
  4244 | D:5      | Entered Level 5 of the Dungeon
  4274 | D:5      | Reached skill level 1 in Fighting
  4274 | D:5      | Reached skill level 1 in Armour
  4419 | D:5      | Reached XP level 7. HP: 37/39 MP: 10/14
  4622 | D:5      | Found Fiotukuo's Food Shoppe.
  4663 | D:5      | Offered knowledge of Throw Flame by Vehumet.
  5509 | D:6      | Reached XP level 8. HP: 37/48 MP: 11/15
  5847 | D:6      | Reached skill level 5 in Armour
  5876 | D:6      | Reached skill level 5 in Fighting
  5990 | D:6      | Found a glowing golden altar of the Shining One.
  5990 | D:6      | Found a sparkling altar of Nemelex Xobeh.
  6057 | D:6      | Found a deep blue altar of Sif Muna.
  6304 | D:7      | Found a bloodstained altar of Trog.
  6314 | D:7      | Noticed matakusis's ghost (experienced DsGl)
  6717 | D:7      | Reached skill level 1 in Evocations
  6773 | D:7      | Reached skill level 6 in Armour
  6773 | D:7      | Reached skill level 1 in Fire Magic
  6800 | D:7      | Found a white marble altar of Elyvilon.
  6843 | D:7      | Offered knowledge of Dazzling Spray by Vehumet.
  6843 | D:7      | Reached XP level 9. HP: 19/55 MP: 8/17
  7101 | D:7      | Reached skill level 1 in Air Magic
  7156 | D:7      | Found Rulosk's Antique Armour Boutique.
  7160 | D:7      | Bought a pair of glowing boots for 144 gold pieces
  7160 | D:7      | Bought a shadowed robe for 182 gold pieces
  7175 | D:7      | Identified the +1 robe of Eternity {Str-2 Slay+2 SInv} (You bought it in a shop on level 7 of the Dungeon)
  7307 | D:7      | Found a glowing silver altar of Zin.
  7308 | D:7      | Found an opulent altar of Gozag.
  8237 | D:4      | Found a staircase to the Ecumenical Temple.
  8247 | Temple   | Entered the Ecumenical Temple
  8354 | D:8      | Got an ichor-stained short sword
  8355 | D:8      | Identified the +3 short sword of the Ten Songs {pierce, rF+ MR- Int+4 Dex+2} (You found it on level 8 of the Dungeon)
  8590 | D:8      | Reached skill level 1 in Staves
  8596 | D:8      | Noticed Grum
  8607 | D:8      | Killed Grum
  8868 | D:8      | Found a blossoming altar of Fedhas.
  9184 | D:8      | Acquired Vehumet's second power
 10030 | D:9      | Found a burning altar of Makhleb.
 10159 | D:9      | Reached XP level 10. HP: 49/60 MP: 19/19
 10318 | D:9      | Found a staircase to the Orcish Mines.
 10540 | D:9      | Offered knowledge of Static Discharge by Vehumet.
 11329 | D:9      | Found a roughly hewn altar of Beogh.
 11745 | D:9      | Acquired Vehumet's third power
 11813 | D:10     | Entered Level 10 of the Dungeon
 11836 | D:10     | Noticed karlkraus's ghost (powerful MiFi)
 11929 | D:10     | Found a staircase to the Lair.
 12022 | D:10     | You fall through a shaft for 2 floors!
 12044 | D:12     | Noticed a cyan ugly thing
 12068 | D:12     | Reached skill level 5 in Staves
 12201 | D:12     | Noticed an unseen horror
 12244 | D:12     | Killed a cyan ugly thing
 12300 | D:12     | Found an ancient bone altar of Kikubaaqudgha.
 12338 | D:12     | Noticed a hill giant
 12359 | D:12     | Killed a hill giant
 12444 | D:11     | Noticed a hill giant
 12462 | D:11     | Killed a hill giant
 12462 | D:11     | Reached XP level 11. HP: 58/64 MP: 10/21
 12627 | D:11     | Offered knowledge of Lightning Bolt by Vehumet.
 12627 | D:11     | Reached skill level 7 in Conjurations
 12746 | D:11     | Noticed a cyclops
 12855 | D:11     | Found a burning altar of Makhleb.
 12928 | D:11     | Noticed a hill giant
 13152 | D:11     | Killed a hill giant
 13590 | D:10     | Killed karlkraus's ghost
 14666 | D:11     | Reached skill level 5 in Fire Magic
 14699 | D:11     | Killed a cyclops
 15028 | D:10     | Reached skill level 5 in Evocations
 15533 | D:12     | Offered knowledge of Throw Icicle by Vehumet.
 15540 | D:12     | Reached skill level 5 in Dodging
 15558 | D:12     | Killed an unseen horror
 15566 | D:12     | Learned a level 4 spell: Throw Icicle
 15676 | D:12     | Noticed a hill giant
 15787 | D:12     | Killed a hill giant
 15851 | D:12     | Reached XP level 12. HP: 65/70 MP: 10/23
 16334 | D:12     | Reached skill level 8 in Conjurations
 16987 | Lair:1   | Entered Level 1 of the Lair of Beasts
 16987 | Lair:1   | Noticed Harold
 17011 | Lair:1   | Killed Harold
 17525 | Lair:1   | Noticed Erica
 17575 | Lair:1   | Killed Erica
 19028 | Lair:2   | Noticed an eight-headed hydra
 19401 | Lair:2   | Reached skill level 5 in Air Magic
 19638 | Lair:1   | Reached skill level 9 in Staves
 20192 | Lair:2   | Reached XP level 13. HP: 41/74 MP: 22/25
 21770 | Lair:2   | Killed an eight-headed hydra
 21914 | Lair:2   | Found a shattered altar of Ashenzari.
 22798 | Lair:3   | Noticed kroki's ghost (powerful MiBe)
 22946 | Lair:3   | Offered knowledge of Airstrike by Vehumet.
 22959 | Lair:3   | Found a frozen archway.
 23206 | Lair:2   | Learned a level 4 spell: Airstrike
 23640 | Lair:3   | Found a staircase to the Snake Pit.
 23992 | Lair:3   | Reached skill level 10 in Staves
 26385 | Lair:4   | Reached skill level 11 in Staves
 26411 | Lair:4   | Got a flickering steel ring
 26413 | Lair:4   | Identified the ring "Lyebipro" {Fire Dex+4} (You found it on level 4 of the Lair of Beasts)
 27384 | Lair:5   | Gained mutation: Your large and strong wings let you fly indefinitely. [Gargoyle growth]
 27384 | Lair:5   | Reached XP level 14. HP: 40/80 MP: 27/27
 27764 | Lair:5   | Found a staircase to the Swamp.
 28692 | Lair:6   | Reached skill level 12 in Staves
 29081 | Lair:6   | Found a staircase to the Slime Pits.
 29081 | Lair:6   | Found a viscous altar of Jiyva.
 29355 | Lair:6   | Got an iridescent quarterstaff
 29371 | Lair:6   | Identified the +6 quarterstaff "Dragonslayer" {flame, +Fly Int+2} (You found it on level 6 of the Lair of Beasts)
 30220 | Lair:7   | Offered knowledge of Conjure Ball Lightning by Vehumet.
 30627 | Lair:7   | HP: 4/80 [molten gargoyle/bolt of magma (18)]
 33170 | Lair:7   | Reached skill level 10 in Conjurations
 33408 | Lair:8   | Entered Level 8 of the Lair of Beasts
 33804 | Lair:8   | Offered knowledge of Bolt of Magma by Vehumet.
 34668 | Lair:7   | Reached XP level 15. HP: 34/84 MP: 28/28
 35757 | Lair:8   | Found a runed door.
 36919 | Lair:8   | Offered knowledge of Poisonous Cloud by Vehumet.
 37076 | Lair:8   | Reached skill level 10 in Spellcasting
 38532 | Orc:1    | Entered Level 1 of the Orcish Mines
 38769 | Orc:1    | Found a roughly hewn altar of Beogh.
 39176 | Orc:2    | Offered knowledge of Orb of Destruction by Vehumet.
 39228 | Orc:2    | Learned a level 7 spell: Orb of Destruction
 39795 | Orc:3    | Found Kaitwari's Armour Shop.
 39894 | Orc:3    | Noticed Maud
 39940 | Orc:3    | Killed Maud
 40790 | Orc:4    | Entered Level 4 of the Orcish Mines
 40830 | Orc:4    | Found Coanlel's Distillery.
 40830 | Orc:4    | Found a labyrinth entrance.
 40837 | Lab      | Entered a labyrinth
 42704 | Lab      | Got a slimy plate armour
 42717 | Lab      | Identified the cursed +0 plate armour of Zoirph {rF++ MP+9 Slay+5} (You found it in a labyrinth)
 42718 | Lab      | Identified a cursed +6 rod of ignition (12/12) (You found it in a labyrinth)
 42720 | Lab      | Identified a +3 rod of shadows (11/11) (You found it in a labyrinth)
 42721 | Lab      | Identified a +4 rod of shadows (11/11) (You found it in a labyrinth)
 42826 | Orc:4    | Bought a potion of heal wounds for 50 gold pieces
 43076 | Orc:4    | Offered knowledge of Spellforged Servitor by Vehumet.
 43289 | Orc:4    | Found Nioz's Distillery.
 43329 | Orc:4    | Found Non Ysaw's Magic Scroll Shop.
 43391 | Orc:4    | Found Zohaepn's Distillery.
 43392 | Orc:4    | Found Itekk's Weapon Shop.
 43414 | Orc:4    | Found a roughly hewn altar of Beogh.
 43511 | Orc:4    | Reached skill level 10 in Evocations
 44270 | Orc:4    | Found a staircase to the Elven Halls.
 45086 | D:13     | Demolished by a white ugly thing

Vault maps used:
D:1:      sevenhm_arrival_forest_fort_small_6
D:2:      nicolae_dithmenos_shadow_blocks, vehumet_crystals,
          hangedman_ru_absence
D:3:      overflow_temple_1_default, first_bread
D:4:      minmay_temple_entry_from_below_b, serial_curves, eino_curves_02,
          eino_curves_04, uniq_edmund
D:5:      serial_shops, shop
D:6:      overflow_temple_1_default, amethyst_overflow_temple_binary
D:7:      grunt_temple_overflow_gold_and_silver, lemuel_round_altar,
          elyvilon_altar_3, serial_shops, nicolae_shop_overgrown_old_shop,
          the_bakery, minmay_gold_behind_fungi
D:8:      kennysheep_mini, enter_bailey_3, uniq_grum
D:9:      minmay_orc_entry_temple_small, special_room, basic_altar
D:10:     due_lair_maze_entry_diamond
D:11:     basic_altar
D:12:     serial_ice, serial_ice_m, serial_ice_a, serial_ice_d, serial_ice_i,
          basic_altar
D:13:     minmay_thick_lines, erik_vaults_2, lemuel_angel_altar
Temple:   temple_eino_lava_8
Lair:1:   uniq_erica, uniq_harold
Lair:2:   minmay_lair_oklob_items, lemuel_centaur_altar, serial_bayou_shore_b,
          grunt_megastairs_3
Lair:3:   boulder_dual_corridor_run, minmay_snake_entry_guardpost_small,
          portal_ice_cave_entry_imps, serial_bayou_shore_b
Lair:5:   swamp_mist_pool, infiniplex_staircase_pool_2
Lair:6:   slime_altar_1
Lair:7:   st_stairs_4, beast_lair_carwin_7
Lair:8:   wormcave, hangedman_lair_tendril_chambers
Orc:1:    mines2_david
Orc:3:    serial_shops, shop_fountains, nicolae_orc_pool_cavern, uniq_maud
Orc:4:    st_orc_town, serial_shops, shop_statue, lab_entry_generic
Lab:      nicolae_lab_starburst, labyrinth_fake_exit, nicolae_lab_blocks,
          nicolae_lab_hexagon

Action                   |  1- 3 |  4- 6 |  7- 9 | 10-12 | 13-15 || total
-------------------------+-------+-------+-------+-------+-------++-------
Melee: Unarmed           |    35 |       |       |       |       ||    35
       Short sword       |    83 |     9 |    40 |     4 |       ||   136
       Rapier            |       |    55 |       |       |       ||    55
       Dagger            |       |    68 |    16 |       |       ||    84
       Spear             |       |       |   183 |   579 |  1673 ||  2435
       Staff             |       |       |       |    19 |   603 ||   622
       Quarterstaff      |       |       |       |       |    36 ||    36
 Cast: Magic Dart        |    58 |    82 |   302 |   595 |   885 ||  1922
       Repel Missiles    |       |       |     2 |     1 |     2 ||     5
       Mephitic Cloud    |       |       |     9 |    90 |    64 ||   163
       Blink             |       |       |     3 |    10 |    44 ||    57
       Conjure Flame     |       |       |       |    28 |    62 ||    90
       Throw Icicle      |       |       |       |     6 |    45 ||    51
       Apportation       |       |       |       |       |     4 ||     4
       Airstrike         |       |       |       |       |     2 ||     2
       Orb of Destructio |       |       |       |       |     1 ||     1
 Abil: Fly               |       |       |       |       |     1 ||     1
Evoke: Wand              |       |       |       |       |     1 ||     1
       Rod               |       |       |       |       |     2 ||     2
  Use: Scroll            |       |     2 |     2 |    14 |    14 ||    32
       Potion            |       |       |     1 |     1 |     4 ||     6
 Stab: Sleeping          |     1 |       |       |     3 |     4 ||     8
       Distracted        |       |     1 |       |     2 |     2 ||     5
       Confused          |       |       |     3 |    17 |    40 ||    60
  Eat: Chunk             |     3 |     7 |    16 |    22 |    50 ||    98
       Pizza             |       |     1 |     1 |     1 |     1 ||     4
       Meat ration       |       |       |       |     2 |     5 ||     7
       Beef jerky        |       |       |       |       |     3 ||     3
